[Event "Hastings Masters"]
[Site "Hastings/UK"]
[Date "2010.12.31"]
[Round "4.1"]
[White "Howell, David"]
[Black "Neverov, Valeriy"]
[Result "1-0"]
[ECO "B81"]
[WhiteElo "2616"]
[BlackElo "2544"]
[PlyCount "59"]
[EventDate "2010.??.??"]
[TimeControl "40/6000+30:20/3000+30:900+30"]

1. e4 c5 2. Nf3 d6 3. d4 cxd4 4. Nxd4 Nf6 5. Nc3 a6 6. h3 {This move, which
was the legendary Bobby Fischer's idea against the Najdorf, has recently
experienced something of a revival in popularity.} e6 7. g4 b5 8. Bg2 Bb7 9.
O-O Be7 $4 {A dreadful blunder, which effectively ends the game at once.
Neverov evidently forgot "Nunn's Law", which states that "Loose piece drop
off". Observ, please, the loose prelate on b7...} 10. e5 $1 Bxg2 (10... dxe5
11. Bxb7 Ra7 12. Bc6+ Kf8 13. Ndxb5 axb5 14. Qxd8+ Bxd8 15. Bxb5 {is equally
hopeless.}) 11. exf6 Bxf1 12. fxe7 Qxe7 13. Qxf1 {White has two minor pieces
for a rook and pawn. On the face of it, this may sound like little or no
material advantage at all, but in fact, in such a middlegame, the advantage is
almost decisive at GM level. The problem for Black is that two pieces are
better than one - White can attack a weakness twice, whilst Black can only
defend it once.} O-O 14. b3 Rc8 15. Bb2 Nc6 16. Qd3 Ne5 17. Qe3 Ng6 18. Rd1 Qa7
19. Rd2 Rc7 20. Qg3 b4 21. Nd1 Qc5 22. Nf3 Rac8 23. Ne3 Rd7 24. h4 {having
manoeuvered his pieces into position, Howell starts a decisive attack on the
enemy king.} Ne7 25. h5 Qa5 26. h6 f6 27. Rxd6 Qc7 28. Rxd7 Qxd7 29. hxg7 e5
30. g5 1-0

[Event "Hastings Masters"]
[Site "Hastings/UK"]
[Date "2010.12.31"]
[Round "4.2"]
[White "Shyam, Sundar M"]
[Black "Istratescu, Andrei"]
[Result "1/2-1/2"]
[ECO "E04"]
[WhiteElo "2414"]
[BlackElo "2620"]
[PlyCount "131"]
[EventDate "2010.??.??"]
[TimeControl "40/6000+30:20/3000+30:900+30"]

1. d4 d5 2. c4 e6 3. Nf3 Nf6 4. g3 dxc4 5. Bg2 a6 6. O-O Nc6 7. Nc3 Rb8 8. e4
Be7 9. d5 exd5 10. exd5 Nb4 11. Ne5 Nd3 12. Nxc4 Nxc1 13. Rxc1 O-O 14. Qd4 Bf5
15. Rfe1 Bg6 16. h4 Nd7 17. d6 cxd6 18. Nd5 Bf6 19. Nxf6+ Nxf6 20. Nxd6 h5 21.
b4 Qd7 22. Qb6 Qa4 23. Nxb7 Qxa2 24. Qd4 Rfe8 25. Bc6 Rxe1+ 26. Rxe1 Rc8 27.
Na5 Ng4 28. Bd5 Qc2 29. Bb3 Qc7 30. Bc4 Kh7 31. Qf4 Qxf4 32. gxf4 Rb8 33. Nc6
Rb6 34. Bd5 Nf6 35. Bf3 Bf5 36. Re7 Be6 37. Ra7 Bd5 38. Ne5 Rxb4 39. Bxd5 Nxd5
40. Nxf7 Rxf4 41. Ng5+ Kg6 42. Rxa6+ Nf6 43. f3 Rxh4 44. Ne4 Rf4 45. Kg2 h4 46.
Rb6 Rf5 47. Ra6 Kh5 48. Nxf6+ Rxf6 49. Ra5+ g5 50. Ra8 Kg6 51. Ra5 Rb6 52. Ra2
Rb4 53. Ra6+ Kf5 54. Ra5+ Kf4 55. Ra2 Rd4 56. Kf2 h3 57. Rb2 h2 58. Kg2 h1=Q+
59. Kxh1 Kxf3 60. Rb3+ Kf2 61. Rb2+ Kg3 62. Rb3+ Kh4 63. Rb2 Kh3 64. Rb3+ Kg4
65. Kg2 Rd2+ 66. Kg1 1/2-1/2

[Event "Hastings Masters"]
[Site "Hastings/UK"]
[Date "2010.12.31"]
[Round "4.3"]
[White "Rendle, Thomas"]
[Black "Williams, K."]
[Result "1-0"]
[ECO "B05"]
[WhiteElo "2391"]
[BlackElo "2493"]
[PlyCount "53"]
[EventDate "2010.??.??"]
[TimeControl "40/6000+30:20/3000+30:900+30"]

1. e4 Nf6 2. e5 Nd5 3. d4 d6 4. Nf3 Nc6 5. c4 Nb6 6. exd6 exd6 7. Be2 Bg4 8. d5
Bxf3 9. Bxf3 Ne5 10. Be2 Be7 11. O-O O-O 12. Qc2 Bf6 13. a4 a5 14. Ra3 Re8 15.
Rh3 g6 16. Nd2 Nc6 $4 ({Black would stand very satisfactorily after} 16... Ned7
{Instead, Simon prefers a more spectacular knight retreat, but he had clearly
miscalculated something badly, and the move turns his postion to dust almost
immediately.}) 17. dxc6 Rxe2 18. cxb7 Rb8 19. Qd3 Qe7 20. Nb3 {Black is
already lost.} Qe4 21. Nxa5 Qxd3 22. Rxd3 Nxa4 23. b4 Bc3 24. Be3 c5 25. Rxd6
Bxb4 26. Rc6 Nb6 27. Bf4 1-0

[Event "Hastings Masters"]
[Site "Hastings/UK"]
[Date "2010.12.31"]
[Round "4.4"]
[White "Eggleston, David"]
[Black "Gormally, Daniel"]
[Result "1/2-1/2"]
[ECO "B48"]
[WhiteElo "2309"]
[BlackElo "2480"]
[PlyCount "35"]
[EventDate "2010.??.??"]
[TimeControl "40/6000+30:20/3000+30:900+30"]

1. e4 c5 2. Nc3 Nc6 3. Nge2 e6 4. d4 cxd4 5. Nxd4 Qc7 6. Be3 a6 7. Bd3 Nf6 8.
O-O Ne5 9. h3 Bc5 10. Qe2 d6 11. f4 Ng6 12. Qf2 O-O 13. e5 dxe5 14. Nxe6 Bxe6
15. Bxc5 Nxf4 16. Bxf8 Rxf8 17. Qe3 N6d5 18. Nxd5 1/2-1/2

[Event "Hastings Masters"]
[Site "Hastings/UK"]
[Date "2010.12.31"]
[Round "4.5"]
[White "Pert, Richard G"]
[Black "Wohl, Aleksandar H"]
[Result "1/2-1/2"]
[ECO "A45"]
[WhiteElo "2460"]
[BlackElo "2375"]
[PlyCount "90"]
[EventDate "2010.??.??"]
[TimeControl "40/6000+30:20/3000+30:900+30"]

1. d4 Nf6 2. Bg5 e6 3. e4 c5 4. d5 h6 5. Bxf6 Qxf6 6. Nc3 a6 7. Nf3 d6 8. e5
dxe5 9. Qe2 e4 10. Qxe4 Bd6 11. dxe6 Qxe6 12. O-O-O Qxe4 13. Nxe4 Bf4+ 14. Kb1
Nd7 15. g3 Bc7 16. Bh3 Ne5 17. Bxc8 Rxc8 18. Nxe5 Bxe5 19. Rd5 Bb8 20. Nxc5 O-O
21. Re1 Ba7 22. Nd3 Rc7 23. c3 g6 24. Kc2 Kg7 25. Rde5 h5 26. Re7 Rfc8 27. Nf4
Rxe7 28. Rxe7 Bxf2 29. Nh3 Kf6 30. Rxb7 Be3 31. Kd3 Re8 32. Rb4 Kf5 33. Nf2 Bh6
34. Ne4 Rd8+ 35. Rd4 Rxd4+ 36. Kxd4 Kg4 37. c4 f5 38. c5 fxe4 39. c6 e3 40. c7
e2 41. c8=Q+ Kf3 42. Qc6+ Kf2 43. Qf6+ Kg1 44. Qe6 Kf2 45. Qf6+ Kg1 1/2-1/2

[Event "Hastings Masters"]
[Site "Hastings/UK"]
[Date "2010.12.31"]
[Round "4.6"]
[White "Edouard, Romain"]
[Black "Ledger, David"]
[Result "1-0"]
[ECO "C84"]
[WhiteElo "2620"]
[BlackElo "2233"]
[PlyCount "87"]
[EventDate "2010.??.??"]
[TimeControl "40/6000+30:20/3000+30:900+30"]

1. e4 e5 2. Nf3 Nc6 3. Bb5 a6 4. Ba4 Nf6 5. O-O b5 6. Bb3 Be7 7. d3 d6 8. a4
Rb8 9. axb5 axb5 10. h3 O-O 11. Nc3 Be6 12. Nd5 Re8 13. c3 h6 14. Nh2 Bf8 15.
Ra6 Bxd5 16. exd5 Ne7 17. Qf3 Ng6 18. Ng4 Nd7 19. Bc2 Nh4 20. Qg3 g5 21. f4
exf4 22. Rxf4 Re2 23. Rf2 Re1+ 24. Rf1 Rxf1+ 25. Kxf1 f5 26. Nh2 Bg7 27. Nf3 f4
28. Qg4 Nxf3 29. Qxf3 Ra8 30. Rxa8 Qxa8 31. d4 Qa1 32. Qd1 Nb6 33. Bf5 Kf8 34.
Be6 Nc4 35. Kf2 Qa8 36. Qd3 Qe8 37. Qh7 Bf6 38. Qxc7 Qg6 39. b3 g4 40. hxg4
Bh4+ 41. Kg1 Ne3 42. Qxd6+ Kg7 43. Qc7+ Kh8 44. Qxf4 1-0

[Event "Hastings Masters"]
[Site "Hastings/UK"]
[Date "2010.12.31"]
[Round "4.7"]
[White "Hebden, Mark"]
[Black "Rudd, Jack"]
[Result "1-0"]
[ECO "D37"]
[WhiteElo "2556"]
[BlackElo "2236"]
[PlyCount "105"]
[EventDate "2010.??.??"]
[TimeControl "40/6000+30:20/3000+30:900+30"]

1. Nf3 Nf6 2. d4 e6 3. e3 d5 4. c4 Be7 5. Nc3 O-O 6. Qc2 c5 7. cxd5 exd5 8.
dxc5 Bxc5 9. Be2 Nc6 10. O-O Qe7 11. b3 Rd8 12. Bb2 Bg4 13. Rad1 Bh5 14. Nh4
Bxe2 15. Nxe2 Nb4 16. Bxf6 Nxc2 17. Bxe7 Bxe7 18. Nf5 Bf6 19. Rd2 Nb4 20. a3
Nc6 21. Rfd1 g6 22. Nfd4 Rac8 23. Kf1 Nxd4 24. Nxd4 Rc3 25. Rb1 Bxd4 26. Rxd4
Rd6 27. e4 Kf8 28. exd5 Ke7 29. a4 Rf6 30. Rc4 Rd3 31. Rc7+ Kd6 32. Rxb7 Rd2
33. f3 Rf5 34. Re1 Rg5 35. Re2 Rxe2 36. Kxe2 Rxg2+ 37. Kd3 Rxh2 38. Rxa7 f5 39.
Kc4 Rc2+ 40. Kb5 Rc3 41. b4 Rxf3 42. a5 g5 43. a6 g4 44. Rxh7 g3 45. Rh6+ Ke5
46. d6 f4 47. d7 g2 48. d8=Q g1=Q 49. Qd6+ Ke4 50. Re6+ Kf5 51. Qe5+ Kg4 52.
Rg6+ Kh4 53. Qh8# 1-0

[Event "Hastings Masters"]
[Site "Hastings/UK"]
[Date "2010.12.31"]
[Round "4.8"]
[White "Furman, Boris"]
[Black "Sengupta, Deep"]
[Result "0-1"]
[ECO "D31"]
[WhiteElo "2237"]
[BlackElo "2527"]
[PlyCount "62"]
[EventDate "2010.??.??"]
[TimeControl "40/6000+30:20/3000+30:900+30"]

1. d4 d5 2. c4 e6 3. Nc3 c6 4. cxd5 exd5 5. Bf4 Bd6 6. Bg3 Ne7 7. e3 Bf5 8. Bd3
O-O 9. Nge2 Bxd3 10. Qxd3 Ng6 11. Bxd6 Qxd6 12. h4 Re8 13. h5 Nf8 14. O-O-O
Nbd7 15. Ng3 b5 16. Kb1 Nb6 17. Nf5 Qb4 18. Rh3 Nc4 19. Qe2 Ne6 20. Rh4 a5 21.
Rg4 Kh8 22. Rh1 a4 23. Rc1 g6 24. hxg6 fxg6 25. Nh4 g5 26. Nf5 Nf4 27. Rxf4
gxf4 28. Rh1 f3 29. gxf3 a3 30. Nd1 axb2 31. Nxb2 Nd2+ 0-1

[Event "Hastings Masters"]
[Site "Hastings/UK"]
[Date "2010.12.31"]
[Round "4.9"]
[White "Arghyadip, Das"]
[Black "Snape, Ian"]
[Result "1/2-1/2"]
[ECO "B78"]
[WhiteElo "2476"]
[BlackElo "2233"]
[PlyCount "44"]
[EventDate "2010.??.??"]
[TimeControl "40/6000+30:20/3000+30:900+30"]

1. e4 c5 2. Nf3 d6 3. d4 cxd4 4. Nxd4 Nf6 5. Nc3 g6 6. Be3 Bg7 7. f3 O-O 8. Qd2
Nc6 9. Bc4 Bd7 10. Bb3 Rc8 11. h4 h5 12. O-O-O Ne5 13. Bg5 Rc5 14. f4 Nc4 15.
Qd3 Ng4 16. Bxc4 Nf2 17. Qe2 Nxh1 18. Bb3 Bg4 19. Nf3 Rxc3 20. bxc3 Qa5 21.
Rxh1 Qxc3 22. Rf1 Qa1+ 1/2-1/2

[Event "Hastings Masters"]
[Site "Hastings/UK"]
[Date "2010.12.31"]
[Round "4.10"]
[White "Summerscale, Aaron"]
[Black "Marusenko, Petr"]
[Result "1-0"]
[ECO "D16"]
[WhiteElo "2428"]
[BlackElo "2233"]
[PlyCount "65"]
[EventDate "2010.??.??"]
[TimeControl "40/6000+30:20/3000+30:900+30"]

1. d4 d5 2. c4 c6 3. Nf3 Nf6 4. Nc3 dxc4 5. a4 Na6 6. e3 Bg4 7. Bxc4 e6 8. h3
Bh5 9. O-O Nb4 10. Qe2 Be7 11. g4 Bg6 12. e4 O-O 13. Bf4 c5 14. Rfd1 cxd4 15.
Nxd4 Qc8 16. Rac1 a6 17. Bb3 Nc6 18. e5 Ne8 19. Ne4 Qb8 20. Bg3 Nc7 21. Nd6 Rd8
22. Nxc6 bxc6 23. Qf3 Nd5 24. Rxc6 Bxd6 25. Rxd6 Rc8 26. Bxd5 exd5 27. Qxd5 Bc2
28. e6 Bxd1 29. exf7+ Kh8 30. Rh6 Qxg3+ 31. fxg3 Bc2 32. Rc6 Rd8 33. Qxd8+ 1-0

[Event "Hastings Masters"]
[Site "Hastings/UK"]
[Date "2010.12.31"]
[Round "4.11"]
[White "Ramondino, Renzo"]
[Black "Ramnath Bhuvanesh, R."]
[Result "1-0"]
[ECO "E94"]
[WhiteElo "2289"]
[BlackElo "2387"]
[PlyCount "75"]
[EventDate "2010.??.??"]
[TimeControl "40/6000+30:20/3000+30:900+30"]

1. Nf3 Nf6 2. c4 g6 3. Nc3 Bg7 4. e4 d6 5. d4 O-O 6. Be2 e5 7. O-O Na6 8. Be3
c6 9. d5 Ng4 10. Bg5 f6 11. Bh4 c5 12. Ne1 h5 13. h3 Nh6 14. Nd3 Bd7 15. a3 Qe7
16. b4 Rfc8 17. Qb3 b6 18. Kh1 Nf7 19. Ra2 Rab8 20. b5 Nc7 21. a4 a5 22. bxa6
Nxa6 23. Nb5 Bh6 24. Bd1 Kg7 25. Qc3 Ra8 26. Bg3 Kh7 27. f4 exf4 28. Nxf4 Bg7
29. Raf2 Ne5 30. Bxh5 f5 31. exf5 Bxf5 32. Nxd6 Qxd6 33. Nxg6 Bxg6 34. Bxg6+
Kh8 35. Rf6 Bxf6 36. Rxf6 Qe7 37. Bxe5 Kg8 38. Qg3 1-0

[Event "Hastings Masters"]
[Site "Hastings/UK"]
[Date "2010.12.31"]
[Round "4.12"]
[White "Anwesh, Upadhyaya"]
[Black "Lock, Gavin R"]
[Result "1-0"]
[ECO "D11"]
[WhiteElo "2412"]
[BlackElo "2198"]
[PlyCount "71"]
[EventDate "2010.??.??"]
[TimeControl "40/6000+30:20/3000+30:900+30"]

1. d4 d5 2. Nf3 Nf6 3. c4 c6 4. e3 Bg4 5. Qb3 Qb6 6. Nc3 e6 7. h3 Bf5 8. c5 Qc7
9. Nh4 Nbd7 10. Nxf5 exf5 11. Qc2 g6 12. b4 a6 13. Bd3 Bg7 14. O-O O-O 15. a4
Rfe8 16. Bd2 Ne4 17. Be1 Nxc3 18. Bxc3 Nf6 19. b5 axb5 20. axb5 Ne4 21. Bb2 Bh6
22. b6 Qe7 23. Rxa8 Rxa8 24. Ra1 Re8 25. Bc1 Ng5 26. Ra7 Ne6 27. f4 Bg7 28. Kh2
Nxd4 29. exd4 Bxd4 30. Bd2 Bxc5 31. Rxb7 Qd6 32. Rd7 Qf8 33. b7 Rb8 34. Ba6 h5
35. Rc7 Bd6 36. Rc8 1-0

[Event "Hastings Masters"]
[Site "Hastings/UK"]
[Date "2010.12.31"]
[Round "4.13"]
[White "Britton, Richard"]
[Black "Swapnil, S Dhopade"]
[Result "0-1"]
[ECO "B19"]
[WhiteElo "2229"]
[BlackElo "2426"]
[PlyCount "50"]
[EventDate "2010.??.??"]
[TimeControl "40/6000+30:20/3000+30:900+30"]

1. e4 c6 2. d4 d5 3. Nd2 dxe4 4. Nxe4 Bf5 5. Ng3 Bg6 6. h4 h6 7. Nf3 Nd7 8. h5
Bh7 9. Bd3 Bxd3 10. Qxd3 e6 11. Bf4 Qa5+ 12. Bd2 Bb4 13. c3 Be7 14. c4 Qc7 15.
O-O-O Ngf6 16. Ne4 b5 17. Nxf6+ Nxf6 18. Kb1 bxc4 19. Qxc4 O-O 20. Rc1 Rfc8 21.
g4 Ne4 22. Be3 Qb7 23. Rhd1 Rab8 24. Rc2 c5 25. d5 exd5 0-1

[Event "Hastings Masters"]
[Site "Hastings/UK"]
[Date "2010.12.31"]
[Round "4.14"]
[White "Prasanna, Rao"]
[Black "Marzano, Carlo"]
[Result "1-0"]
[ECO "B00"]
[WhiteElo "2400"]
[BlackElo "2159"]
[PlyCount "107"]
[EventDate "2010.??.??"]
[TimeControl "40/6000+30:20/3000+30:900+30"]

1. e4 Nc6 2. Nf3 d6 3. d4 Nf6 4. Nc3 Bg4 5. Be3 e5 6. Bb5 exd4 7. Qxd4 Be7 8.
Qc4 Bd7 9. Rd1 O-O 10. O-O a6 11. Bxc6 Bxc6 12. Rfe1 h6 13. h3 Re8 14. Ne5 dxe5
15. Rxd8 Raxd8 16. a4 Bd6 17. Rd1 Nh5 18. g3 Nf6 19. Kh2 Rf8 20. g4 Kh7 21. Rg1
Ng8 22. Ne2 Ne7 23. Ng3 Kh8 24. b3 Kh7 25. Qe2 a5 26. Qf3 g6 27. Qe2 b6 28. h4
Rh8 29. Qf3 Rdf8 30. h5 Kg7 31. Qg2 g5 32. Qf3 Bd7 33. Rd1 Rb8 34. Bc1 Rhd8 35.
Bxg5 hxg5 36. h6+ Kg6 37. Nh5 f5 38. gxf5+ Nxf5 39. exf5+ Bxf5 40. Ng3 Bxc2 41.
Rd2 Bb1 42. Qd1 e4 43. Rxd6+ cxd6 44. Qxb1 d5 45. Qd1 Kxh6 46. Qh5+ Kg7 47.
Qxg5+ Kf7 48. Qf5+ Ke7 49. Qe5+ Kf7 50. Nf5 Rh8+ 51. Kg3 Rhg8+ 52. Kf4 Rbf8 53.
Qe7+ Kg6 54. Qe6+ 1-0

[Event "Hastings Masters"]
[Site "Hastings/UK"]
[Date "2010.12.31"]
[Round "4.15"]
[White "Anderson, John"]
[Black "Bates, Richard"]
[Result "0-1"]
[ECO "B99"]
[WhiteElo "2208"]
[BlackElo "2382"]
[PlyCount "50"]
[EventDate "2010.??.??"]
[TimeControl "40/6000+30:20/3000+30:900+30"]

1. e4 c5 2. Nf3 d6 3. d4 cxd4 4. Nxd4 Nf6 5. Nc3 a6 6. Bg5 e6 7. f4 Be7 8. Qf3
h6 9. Bh4 Qc7 10. O-O-O Nbd7 11. Bd3 g5 12. e5 gxh4 13. exf6 Nxf6 14. f5 e5 15.
Nde2 Bd7 16. Be4 Rc8 17. Kb1 Bc6 18. Nd5 Bxd5 19. Bxd5 Qxc2+ 20. Ka1 e4 21. Qf1
Nxd5 22. Rc1 Bf6 23. Rxc2 Rxc2 24. Nd4 Bxd4 25. Qd1 Bxb2+ 0-1

[Event "Hastings Masters"]
[Site "Hastings/UK"]
[Date "2010.12.31"]
[Round "4.16"]
[White "Franklin, Samuel GA"]
[Black "Knott, Simon JB"]
[Result "1/2-1/2"]
[ECO "C18"]
[WhiteElo "2185"]
[BlackElo "2333"]
[PlyCount "75"]
[EventDate "2010.??.??"]
[TimeControl "40/6000+30:20/3000+30:900+30"]

1. e4 e6 2. d4 d5 3. Nc3 Bb4 4. e5 c5 5. a3 Bxc3+ 6. bxc3 Ne7 7. Qg4 O-O 8. Bd3
Nbc6 9. Qh5 Ng6 10. Nf3 Qc7 11. Be3 c4 12. Bxg6 fxg6 13. Qg4 Bd7 14. h4 Rf5 15.
Ng1 Ne7 16. Ne2 Raf8 17. Kd2 Qc8 18. Ng3 h5 19. Nxf5 gxf5 20. Qf3 Qe8 21. Bg5
Nc8 22. Rh3 Qf7 23. Bf4 Ne7 24. Ke3 Kh7 25. Rg3 Ba4 26. Kd2 Rh8 27. Bg5 Nc8 28.
Rh1 Kg8 29. Bf6 Rh7 30. Rhh3 Kf8 31. Bg5 Ke8 32. Qd1 Bc6 33. Qb1 a5 34. Rf3 Kd7
35. Rfg3 Kc7 36. Rh1 Qf8 37. Qb2 Nb6 38. Bf4 1/2-1/2

[Event "Hastings Masters"]
[Site "Hastings/UK"]
[Date "2010.12.31"]
[Round "4.18"]
[White "Chkartina, Gerhana"]
[Black "Ashton, Adam"]
[Result "1/2-1/2"]
[ECO "E70"]
[WhiteElo "2014"]
[BlackElo "2328"]
[PlyCount "85"]
[EventDate "2010.??.??"]
[TimeControl "40/6000+30:20/3000+30:900+30"]

1. d4 Nf6 2. c4 g6 3. Nc3 Bg7 4. e4 O-O 5. e5 Ne8 6. f4 d6 7. Nf3 c5 8. d5 Bg4
9. exd6 Nxd6 10. h3 Bxf3 11. Qxf3 Nf5 12. Bd3 Nd4 13. Qg3 e6 14. O-O exd5 15.
Nxd5 f5 16. Bd2 Nbc6 17. Rae1 Qd7 18. h4 Rae8 19. a3 Ne7 20. Nxe7+ Rxe7 21.
Rxe7 Qxe7 22. Re1 Qd8 23. Re3 Re8 24. Rxe8+ Qxe8 25. Bc3 b6 26. Qf2 Bf6 27. g3
Kg7 28. Kh2 Nc6 29. Bxf6+ Kxf6 30. Qe2 Qd7 31. Qe3 Kg7 32. Kg1 Nd4 33. Kf2 Kh6
34. Be2 a6 35. Qe5 Qa4 36. Qe7 Nxe2 37. Qg5+ Kg7 38. Qe7+ Kh6 39. Qg5+ Kg7 40.
Qe7+ Kg8 41. Qe6+ Kf8 42. Qf6+ Kg8 43. Ke1 1/2-1/2

[Event "Hastings Masters"]
[Site "Hastings/UK"]
[Date "2010.12.31"]
[Round "4.19"]
[White "Royset, Paal Nikolaj"]
[Black "Prosviriakov, Vladimir"]
[Result "1-0"]
[ECO "C54"]
[WhiteElo "2152"]
[BlackElo "2269"]
[PlyCount "73"]
[EventDate "2010.??.??"]
[TimeControl "40/6000+30:20/3000+30:900+30"]

1. e4 e5 2. Bc4 Nf6 3. d3 Nc6 4. Nf3 Bc5 5. O-O d6 6. c3 a6 7. Bb3 Ba7 8. a4 h6
9. Na3 O-O 10. Nc4 Be6 11. a5 Ne7 12. Qe2 c6 13. Bc2 Ng6 14. Be3 Nh5 15. Bxa7
Rxa7 16. Nb6 Bg4 17. Qe3 Nhf4 18. Kh1 f5 19. Ne1 fxe4 20. dxe4 Qh4 21. f3 Be6
22. Rd1 Qe7 23. Rf2 c5 24. Rfd2 Nh4 25. g3 Bh3 26. gxf4 Rxf4 27. Nd5 Qg5 28.
Nxf4 exf4 29. Qg1 Qh5 30. Rd5 g5 31. Bb3 Kg7 32. Qf2 Be6 33. e5 Nf5 34. exd6
Ra8 35. d7 Rd8 36. Rxf5 Bxf5 37. Qxc5 1-0

[Event "Hastings Masters"]
[Site "Hastings/UK"]
[Date "2010.12.31"]
[Round "4.20"]
[White "Kulkarni, Chinmay"]
[Black "Jackson, James P"]
[Result "1/2-1/2"]
[ECO "D02"]
[WhiteElo "2275"]
[BlackElo "2135"]
[PlyCount "115"]
[EventDate "2010.??.??"]
[TimeControl "40/6000+30:20/3000+30:900+30"]

1. Nf3 Nf6 2. g3 e6 3. Bg2 d5 4. O-O Nc6 5. d4 Rb8 6. b3 Be7 7. Bb2 O-O 8. Nbd2
b5 9. Ne1 Na5 10. Nd3 Bb7 11. a3 Ba8 12. Re1 Nc4 13. bxc4 bxc4 14. Nb4 a5 15.
c3 axb4 16. axb4 Qd6 17. Ra5 Qb6 18. Qa1 Bb7 19. e4 Rfe8 20. e5 Nd7 21. Qa4 Bc6
22. Qc2 Ra8 23. Rea1 Qb7 24. h4 Reb8 25. Bc1 Rxa5 26. Rxa5 Ra8 27. Qa2 Rxa5 28.
Qxa5 Bb5 29. Nf1 h6 30. f4 Bd8 31. Ne3 Qa6 32. Qxa6 Bxa6 33. f5 Kf8 34. Bh3 Ke7
35. Ng2 exf5 36. Ne3 Nb6 37. Nxf5+ Kf8 38. Ne3 c6 39. Kf2 Be7 40. Bf5 g6 41.
Bc2 Bc8 42. Ng2 Kg7 43. Nf4 Bg4 44. Bd2 g5 45. Ng2 gxh4 46. Nxh4 Bxh4 47. gxh4
Bh5 48. Ke3 Bg6 49. Bd1 Bf5 50. h5 Be6 51. Be1 Nc8 52. Bh4 Na7 53. Be1 Nb5 54.
Kf4 Na7 55. Ke3 Nb5 56. Kd2 Kg8 57. Bh4 Kg7 58. Bf6+ 1/2-1/2